 Dungeon Crawl Stone Soup version 0.20.1-1-g8b1a95d (webtiles) character file.

92 Internecine the Vexing (level 4, -8/32 HPs)
             Began as a Demonspawn Arcane Marksman on Oct 1, 2017.
             Mangled by Internecine's ghost (12 damage)
             ... on level 3 of the Dungeon.
             The game lasted 00:18:30 (2190 turns).

Internecine the Vexing (Demonspawn Arcane Marksman) Turns: 2190, Time: 00:18:32

Health: -8/32      AC:  6    Str: 10    XL:     4   Next: 35%
Magic:  5/5        EV: 12    Int: 14    God:
Gold:   120        SH:  0    Dex: 15    Spells: 2/5 levels left

rFire    . . .     SeeInvis .   a - +0 hand crossbow
rCold    . . .     Gourm    .   (no shield)
rNeg     . . .     Faith    .   P - +0 leather armour
rPois    .         Spirit   .   D - +0 helmet
rElec    .         Reflect  .   (no cloak)
rCorr    .         Harm     .   (no gloves)
MR       .....                  i - +1 pair of boots
Stlth    +.........             (no amulet)
Regen    0.1/turn               k - ring of wizardry
MPRegen  0.1/turn               L - ring of stealth

@: slowed, glowing, very slow
A: talons 1, sturdy frame 1
a: no special abilities


You were on level 3 of the Dungeon.
You were hungry.

You visited 1 branch of the dungeon, and saw 3 of its levels.

You collected 120 gold pieces.

Inventory:

Hand Weapons
 a - a +0 hand crossbow (weapon)
 n - a +0 short sword
 w - a +0 hunting sling
 O - a +0 hunting sling
Missiles
 d - 34 bolts (quivered)
 h - 15 javelins
 l - 112 stones
 p - 44 arrows
 y - 11 poisoned needles
 M - 20 sling bullets
 Q - 5 tomahawks
Armour
 i - a +1 pair of boots (worn)
 D - a +0 helmet (worn)
 P - a +0 leather armour (worn)
Jewellery
 k - a ring of wizardry (left hand)
 E - a +3 ring of intelligence
 J - an uncursed ring of ice
 L - a ring of stealth (right hand)
Wands
 G - a wand of scattershot (4/9)
Potions
 b - a potion of might {unknown}
 j - 2 potions of curing {unknown}
 q - 2 potions of heal wounds {unknown}
 z - a potion of lignification {unknown}
Books
 c - a book of Debilitation

   Spells                             Type                      Level
   a - Corona                         Hexes                        1
   b - Slow                           Hexes                        2
   c - Inner Flame                    Hexes/Fire                   3
   d - Portal Projectile              Hexes/Translocation          3
   e - Cause Fear                     Hexes                        4
   f - Leda's Liquefaction            Hexes/Earth                  4
Comestibles
 f - 5 bread rations
 g - a chunk of flesh
 t - 4 fruits
 u - a royal jelly
 F - a meat ration


   Skills:
 + Level 1.4 Fighting
 + Level 3.3 Crossbows
 + Level 2.1 Dodging
 + Level 0.2 Stealth
 + Level 1.0 Spellcasting
 + Level 3.6 Hexes


You had 2 spell levels left.
You knew the following spells:

 Your Spells              Type           Power        Failure   Level  Hunger
a - Corona                Hex            ##.....      2%          1    ##.....
b - Slow                  Hex            ##......     4%          2    ###....


Dungeon Overview and Level Annotations

Branches:
Dungeon (3/15)

Altars:

Annotations:
D:3 Internecine's ghost, amateur MfAM


Innate Abilities, Weirdness & Mutations

You have sharp toenails.
Your movements are slightly less encumbered by armour. (ER -2)


Message History

The rat barely misses you. Internecine's ghost hits you!
* * * LOW HITPOINT WARNING * * *
Firing (i - inventory. (,) - cycle):
d - 36 bolts (quivered)
Press: ? - help, Shift-Dir - straight line, f/p - Internecine's ghost
Aim: Internecine's ghost (severely damaged)
You shoot a bolt.
The bolt closely misses Internecine's ghost.
The rat barely misses you.
Internecine's ghost gestures at you while chanting.
You feel as though you will be slow longer.
The rat misses you. Internecine's ghost closely misses you.
Firing (i - inventory. (,) - cycle):
d - 35 bolts (quivered)
Press: ? - help, Shift-Dir - straight line, f/p - Internecine's ghost
Aim: Internecine's ghost (severely damaged)
You shoot a bolt.
The bolt closely misses Internecine's ghost.
The rat misses you. Internecine's ghost hits you.
* * * LOW HITPOINT WARNING * * *
The rat bites you but does no damage. Internecine's ghost hits you!
You die...

.. ..# #.
#.# #.. #.#
#.###.#
#.....#####
#.........
####...r..#
.(.....W@(#
...$......#
...........#
...(...#..##
.(.###.....
.( ##..### .
.># ####


You could see Internecine's ghost and a rat.

Vanquished Creatures
  2 adders
  2 oozes (D:1)
  3 worms
  2 dart slugs
  A leopard gecko (D:2)
  2 giant cockroaches (D:1)
  5 goblins
  8 hobgoblins
  2 jackals (D:1)
  3 ball pythons
  4 bats
  7 frilled lizards
  6 kobolds
  5 rats
52 creatures vanquished.

Notes
Turn   | Place    | Note
-------+----------+-------------------------------------------
     0 | D:1      | Internecine the Demonspawn Arcane Marksman began the quest for the Orb.
     0 | D:1      | Reached XP level 1. HP: 15/15 MP: 2/2
    80 | D:1      | Gained mutation: You have sharp toenails. [demonic ancestry]
    80 | D:1      | Reached XP level 2. HP: 21/21 MP: 3/3
   431 | D:1      | Reached XP level 3. HP: 25/26 MP: 4/4
  1823 | D:2      | Gained mutation: Your movements are slightly less encumbered by armour. (ER -2) [demonic ancestry]
  1823 | D:2      | Reached XP level 4. HP: 32/32 MP: 5/5
  2093 | D:2      | Learned a level 2 spell: Slow
  2174 | D:3      | Noticed Internecine's ghost (amateur MfAM)
  2190 | D:3      | Mangled by Internecine's ghost

Skill      XL: |  1  2  3  4 |
---------------+-------------+-----
Crossbows      | 2 3 |  3.3
Dodging        | 2 |  2.1
Fighting       | |  1.4
Stealth        | |  0.2
Spellcasting   | |  1.0
Hexes          | |  3.6

Action                   |  1- 3 |  4- 6 || total
-------------------------+-------+-------++-------
 Fire: Hand crossbow     |   111 |    36 ||   147
 Cast: Corona            |       |     1 ||     1
  Use: Scroll            |       |     6 ||     6
  Eat: Chunk             |     2 |     1 ||     3
Armor: Robe              |     9 |     2 ||    11
       Leather armour    |       |    10 ||    10
Dodge: Dodged            |    26 |    24 ||    50
